 Dungeon Sprint DCSS version 0.27-a0-1177-g245c70e1c0 (webtiles) character file.

Game seed: 7048311576767623668

134 mhtbhm the Geomancer (level 5, -25/28 HPs)
             Began as a Gargoyle Earth Elementalist on May 16, 2021.
             Was an Initiate of Vehumet.
             Annihilated by a two-headed ogre
             ... wielding a +0 giant club
              (32 damage)
             ... in the Dungeon (Sprint IX: "|||||||||||||||||||||||||||||").
             The game lasted 00:03:15 (801 turns).

mhtbhm the Geomancer (Gargoyle Earth Elementalist)   Turns: 801, Time: 00:03:16

Health: -25/28     AC:  8    Str: 12    XL:     5   Next: 17%
Magic:  0/12       EV: 13    Int: 16    God:    Vehumet [......]
Gold:   0          SH:  0    Dex: 13    Spells: 3/14 levels left

rFire    . . .     SeeInvis .   a - +2 whip (flame)
rCold    . . .     Faith    .   (no shield)
rNeg     + . .     Spirit   .   c - +0 robe
rPois    ∞         Reflect  .   (no helmet)
rElec    +         Harm     .   (no cloak)
rCorr    .         Rampage  .   m - +0 pair of gloves
Will     .....     NoTele   +   l - +0 pair of boots
Stlth    ++........             (no amulet)
HPRegen  0.09/turn              n - +3 ring of dexterity
MPRegen  0.13/turn              (no ring)

@: no status effects
A: sickness immunity, AC +4, negative energy resistance 1, electricity
resistance, torment resistance 1, petrification resistance
a: Renounce Religion


You were in the Dungeon.
You worshipped Vehumet.
Vehumet was noncommittal.
You visited 1 branch

Inventory:

Hand Weapons
 a - a +2 whip of flaming (weapon)
Missiles
 b - 14 stones
Armour
 c - a +0 robe (worn)
 l - a +0 pair of boots (worn)
 m - a +0 pair of gloves (worn)
Jewellery
 n - a +3 ring of dexterity (left hand)
 o - a +3 ring of intelligence
Wands
 k - a wand of iceblast (9)
Scrolls
 i - a scroll of blinking
 j - 2 scrolls of amnesia
Potions
 d - a potion of invisibility
 e - 3 potions of heal wounds
 f - a potion of haste
 g - 4 potions of magic
 h - 4 potions of curing


   Skills:
 + Level 0.4 Fighting
 + Level 3.5 Dodging
 + Level 3.3 Stealth
 + Level 0.2 Unarmed Combat
 + Level 5.0 Spellcasting
 + Level 0.7 Transmutations
 + Level 9.2 Earth Magic


You had 3 spell levels left.
You knew the following spells:

 Your Spells              Type           Power      Damage    Failure   Level
a - Sandblast             Erth           66%        2d15      1%          1
b - Passwall              Tmut/Erth      16%        N/A       3%          2
c - Stone Arrow           Conj/Erth      36%        3d9       7%          3
d - Lee's Rapid Deconstr  Erth           16%        3d11*     10%         5

Your spell library contained the following spells:

 Spells                   Type           Power      Damage    Failure   Level
 Petrify                  Tmut/Erth      20%        N/A       19%         4


Dungeon Overview and Level Annotations

Branches:
Dungeon (1/1)

Altars:
Cheibriados
Dithmenos
Elyvilon
Fedhas
Gozag
Hepliaklqana
Kikubaaqudgha
Makhleb
Nemelex Xobeh
Okawaru
Qazlal
Ru
Sif Muna
Trog
Uskayaw
Vehumet
Wu Jian
Xom
Yredelemnul
Zin
The Shining One
Beogh
Jiyva
Lugonu


Innate Abilities, Weirdness & Mutations

You are immune to sickness and miasma.
Your stone body is resilient. (AC +4)
You are immune to poison.
You resist negative energy. (rN+)
You are resistant to electric shocks. (rElec)
You are resistant to unholy torment.
You are immune to petrification.


Message History

Casting: Lee's Rapid Deconstruction (extremely dangerous; 10% risk of failure)
Confirm with . or Enter, or press ? or * to list all spells.
The spell is extremely dangerous to cast (10% risk of failure)!
Continue anyway?
Aiming: Lee's Rapid Deconstruction (extremely dangerous; 10% risk of failure)
Press: ? - help, Dir - move target An open door to the Temple.
The stone door frame shatters!
The blast of rock fragments hits the two-headed ogre!
The two-headed ogre is heavily wounded.
Unknown command.
Unknown command.
Unknown command.
Casting: Lee's Rapid Deconstruction (extremely dangerous; 10% risk of failure)
Confirm with . or Enter, or press ? or * to list all spells.
Aiming: Sandblast (safe; 1% risk of failure)
Press: ? - help, Shift-Dir - straight line, f - two-headed ogre
Aim: a two-headed ogre, wielding two +0 giant clubs (heavily wounded, 91% to hit)
The blast of sand hits the two-headed ogre!
The two-headed ogre is severely wounded.
A shadow appears from thin air!
Reactivating autopickup.
Unknown command.
Things that are here:
a +0 leather armour; a +0 dagger
There is an open door here.
You see here an adder skeleton.
Casting: Sandblast (safe; 1% risk of failure)
Confirm with . or Enter, or press ? or * to list all spells.
Aiming: Sandblast (safe; 1% risk of failure)
Press: ? - help, Shift-Dir - straight line, f/p - two-headed ogre
Aim: a two-headed ogre, wielding two +0 giant clubs (severely wounded, 91% to hit)
The blast of sand hits the two-headed ogre!
The two-headed ogre is almost dead.
Unknown command.
The shadow slips into darkness.
The shadow flickers and vanishes!
Deactivating autopickup; reactivate with Ctrl-A.
The two-headed ogre hits you with a +0 giant club!!
Ouch! That really hurt!
You die... ▓▓▓▓▓▓▓▓▓▓▓▓▓▓▓▓▓▓▓▓▓▓▓▓ ▓<...'.@O..÷y....'______ ▓▓▓▓▓▓▓▓▓▓▓▓▓▓▓▓▓▓▓▓▓▓▓▓

You could see a two-headed ogre and a vampire mosquito.

Vanquished Creatures
  2 scorpions (D)
  An adder (D)
  A dart slug (D)
  2 orcs (D)
  An endoplasm (D)
  A giant cockroach (D)
  A ball python (D)
  A rat (D)
10 creatures vanquished.

Notes
Turn   | Place    | Note
-------+----------+-------------------------------------------
     0 | D        | mhtbhm the Gargoyle Earth Elementalist began the quest for
                  | the Orb.
     0 | D        | Reached XP level 1. HP: 10/10 MP: 3/3
     5 | D        | Reached skill level 4 in Earth Magic
    44 | D        | Reached skill level 5 in Earth Magic
    46 | D        | Reached XP level 2. HP: 14/15 MP: 0/5
   233 | D        | Learned a level 2 spell: Passwall
   242 | D        | Noticed a scorpion
   242 | D        | Noticed a scorpion
   245 | D        | Killed a scorpion
   246 | D        | Reached skill level 7 in Earth Magic
   246 | D        | Reached XP level 3. HP: 14/19 MP: 2/8
   246 | D        | Reached XP level 4. HP: 18/24 MP: 2/9
   431 | D        | Learned a level 3 spell: Stone Arrow
   433 | D        | Killed a scorpion
   434 | D        | Reached skill level 9 in Earth Magic
   434 | D        | Reached XP level 5. HP: 28/28 MP: 7/12
   437 | D        | Reached skill level 5 in Spellcasting
   691 | D        | Found a snail-covered altar of Cheibriados.
   691 | D        | Found a shadowy altar of Dithmenos.
   691 | D        | Found a white marble altar of Elyvilon.
   691 | D        | Found a blossoming altar of Fedhas.
   691 | D        | Found an opulent altar of Gozag.
   698 | D        | Learned a level 5 spell: Lee's Rapid Deconstruction
   698 | D        | Found a hazy altar of Hepliaklqana.
   699 | D        | Found a viscous altar of Jiyva.
   700 | D        | Found an ancient bone altar of Kikubaaqudgha.
   701 | D        | Found a corrupted altar of Lugonu.
   702 | D        | Found a burning altar of Makhleb.
   703 | D        | Found a sparkling altar of Nemelex Xobeh.
   704 | D        | Found an iron altar of Okawaru.
   705 | D        | Found a stormy altar of Qazlal.
   706 | D        | Found a sacrificial altar of Ru.
   707 | D        | Found a shimmering blue altar of Sif Muna.
   708 | D        | Found a bloodstained altar of Trog.
   709 | D        | Found a hide-covered altar of Uskayaw.
   710 | D        | Found a radiant altar of Vehumet.
   711 | D        | Found an ornate altar of the Wu Jian Council.
   712 | D        | Found a shimmering altar of Xom.
   713 | D        | Found a basalt altar of Yredelemnul.
   714 | D        | Found a glowing silver altar of Zin.
   715 | D        | Found a glowing golden altar of the Shining One.
   720 | D        | Became a worshipper of Vehumet
   755 | D        | Noticed a two-headed ogre
   755 | D        | Noticed a shadow
   755 | D        | Noticed a vampire mosquito
   755 | D        | Noticed an acid dragon
   801 | D        | Annihilated by a two-headed ogre

Illustrated notes

Levels and vault maps discovered:
D:        linesprint [early_d, line_temple, items_1, d_10, items_2, lair_1,
          lair_end, items_3, orc_1, orc_end, items_4, d_15, swamp_1, shoals_1,
          snake_1, spider_1, d_20, vaults_1, items_5, swamp_end, shoals_end,
          snake_end, spider_end, vaults_end, d_27, items_6, zot_1, zot_end,
          crypt_end, forest_end, elf_end, slime_end, tomb_end, abyss_end,
          pan_hell_end]

Skill      XL: |  1  2  3  4  5 |
---------------+----------------+-----
Earth Magic    | 5 7 9 |  9.2
Dodging        | 2 3 |  3.5
Stealth        | 3 |  3.3
Spellcasting   | 3 4 5 |  5.0
Fighting       | |  0.4
Unarmed Combat | |  0.2
Transmutations | |  0.7

Action                   |  1- 3 |  4- 6 || total
-------------------------+-------+-------++-------
Melee: Unarmed           |     1 |       ||     1
 Cast: Sandblast         |     9 |     7 ||    16
       Stone Arrow       |       |     2 ||     2
       Lee's Rapid Decon |       |     3 ||     3
Evoke: Wand              |       |     1 ||     1
  Use: Potion            |     2 |       ||     2
       Scroll            |       |     1 ||     1
Armor: Robe              |    18 |       ||    18
Dodge: Dodged            |    16 |     2 ||    18

Table legend: (Time is in decaauts)
 A = Elapsed time spent in this place.
 B = Non-inter-level travel time spent in this place.
 C = Inter-level travel time spent in this place.
 D = Time resting spent in this place.
 E = Time spent auto-exploring this place.
 F = Levels seen in this place.
 G = Mean time per level.
                   A        B        C        D        E       F      G
               +--------+--------+--------+--------+--------+-----+--------+
         Total |    813 |    813 |      0 |    620 |      0 |   1 |  813.0 |
       Dungeon |    813 |    813 |      0 |    620 |      0 |   1 |  813.0 |
               +--------+--------+--------+--------+--------+-----+--------+

Top non-repeatable levels by time:
       D: 813 daAuts
